 Dungeon Crawl Stone Soup version 0.31-a0-986-g5e6e4ef867 (webtiles) character file.

Game seed: 5280792979549812113

99 wildpjah the Ducker (level 4, -8/34 HPs)
             Began as a Merfolk Gladiator on Nov 21, 2023.
             Was an Initiate of Dithmenos.
             Killed by divine providence
             ... invoked by an orc priest
              (14 damage)
             ... on level 3 of the Dungeon.
             The game lasted 00:02:56 (1960 turns).

wildpjah the Ducker (Merfolk Gladiator)             Turns: 1960, Time: 00:02:57

Health: -8/34      AC:  4    Str: 14    XL:     4   Next: 72%
Magic:  4/4        EV: 14    Int:  7    God:    Dithmenos [......]
Gold:   154        SH:  5    Dex: 17    Spells: 3/3 levels left

rFire   . . .        a - +0 long sword
rCold   . . .        (no shield)
rNeg    . . .        b - +0 leather armour
rPois   .            c - +0 helmet
rElec   .            (no cloak)
rCorr   .            (no gloves)
SInv    .            (no boots)
Will    .....        n - amulet of reflection
Stlth   ++           (no ring)
HPRegen 0.25/turn    (no ring)
MPRegen 0.09/turn

%: reflection
@: no status effects
A: (nimble swimmer 2), mertail
a: Renounce Religion


You were on level 3 of the Dungeon.
You worshipped Dithmenos.
Dithmenos was noncommittal.
You visited 1 branch of the dungeon, and saw 3 of its levels.

You collected 154 gold pieces.

Inventory:

Hand Weapons
 a - a +0 long sword (weapon)
Missiles
 d - 3 throwing nets (quivered)
 e - a javelin
Armour
 b - a +0 leather armour (worn)
 c - a +0 helmet (worn)
 r - the +1 leather armour of Tujiotak {rPois Str+4 Int+2 Dex-4}
   (You found it on level 3 of the Dungeon)

   Str+4:     It affects your strength (+4).
   Int+2:     It affects your intelligence (+2).
   Dex-4:     It affects your dexterity (-4).
   rPois:     It protects you from poison
Jewellery
 n - an amulet of reflection (around neck)
Scrolls
 h - 2 scrolls of fog
 i - 4 scrolls of identify {unknown}
 l - 3 scrolls of revelation {unknown}
 m - 3 scrolls of vulnerability {unknown}
 p - a scroll of blinking {unknown}
 q - a scroll of enchant armour {unknown}
 s - a scroll of immolation {unknown}
Potions
 f - a potion of invisibility {unknown}
 g - 2 potions of curing {unknown}
 j - a potion of attraction {unknown}
 k - a potion of brilliance {unknown}
 o - a potion of enlightenment {unknown}


   Skills:
 + Level 2.8 Fighting
 + Level 4.7 Long Blades
 + Level 2.1 Throwing
 + Level 0.8 Armour
 * Level 5.1 Dodging
 + Level 0.8 Stealth
 + Level 0.1 Shields


You had 3 spell levels left.
You didn't know any spells.
Your spell library was empty.

Dungeon Overview and Level Annotations

Branches:
Dungeon (3/15)

Altars:
Dithmenos


Innate Abilities, Weirdness & Mutations

((You are very nimble when in or above water. (Stealth+, EV+, Speed+++)))
Your lower body shifts to a powerful aquatic tail in water.


Message History

Dithmenos accepts your kill.
No target in view!
No target in view!
You open the door.
There is an open door here.
There is an open door here.
Found a stone staircase leading up.
Found 4 stones.
No target in view!
No target in view!
An orc comes into view. It is wielding a +0 dagger.
An orc priest and 3 orcs come into view.
The orc shouts! x2; The orc priest shouts!
You hear a shout!
An orc priest comes into view. It is wielding a +0 club.
The orc shouts!
You hit the orc.
The orc is heavily wounded.
The orc barely misses you. The orc closely misses you.
The orc attacks as it pursues you! The orc hits you with a +0 dagger.
You slash the orc!
You kill the orc!
Dithmenos accepts your kill.
You hit the orc.
The orc is severely wounded.
The orc closely misses you.
You slash the orc!
You kill the orc!
Dithmenos accepts your kill.
The orc priest calls down the wrath of Beogh upon you.
Pain shoots through your body!
The orc priest looks braver for a moment.
The orc hits you but does no damage.
The orc priest invokes the aid of Beogh against you.
Beogh smites you!
* * * LOW HITPOINT WARNING * * *
The orc barely misses you. The orc attacks as it pursues you!
The orc barely misses you.
The orc priest calls down the wrath of Beogh upon you.
Beogh smites you!
You die...

#........... #..#
#....o...... #..#
.####.#...o..... #..#
#.......o..oo...###..#
....###.)#########...#####
.(..'...o.................
....###...o.........######
.........o.....#.....# #
....#####@#.##.#.#.### #
..........<....#.#.#
#######..#####.#.#
.........#.. ..#.# #
#.########.#.#####.# # #.
#...#......#.#.###.# #
..###.....######.#.....# .
#
#......####(....#.#####..
#
.........................
#


You could see 2 orc priests and 2 orcs.

Vanquished Creatures
  4 adders
  2 dart slugs
  2 orcs (D:3)
  4 ball pythons
  4 endoplasms
  A giant cockroach (D:1)
  3 goblins
  7 hobgoblins
  10 kobolds
  2 quokkas (D:1)
  9 bats
  2 frilled lizards
  5 rats
55 creatures vanquished.

Notes
Turn   | Place    | Note
-------+----------+-------------------------------------------
     0 | D:1      | wildpjah the Merfolk Gladiator began the quest for the Orb.
     0 | D:1      | Reached XP level 1. HP: 16/16 MP: 1/1
    99 | D:1      | Reached XP level 2. HP: 23/23 MP: 2/2
   655 | D:1      | Reached XP level 3. HP: 26/28 MP: 3/3
  1015 | D:2      | Found a shadowy altar of Dithmenos.
  1039 | D:2      | Became a worshipper of Dithmenos the Shadowed
  1222 | D:2      | Reached XP level 4. HP: 34/34 MP: 4/4
  1616 | D:3      | Reached skill level 5 in Dodging
  1656 | D:3      | Identified the +1 leather armour of Tujiotak {rPois Str+4
                  | Int+2 Dex-4}
  1683 | D:3      | Identified the +3 cloak "Noqu Way" {rN+ Dex+2}
  1960 | D:3      | Killed from afar by an orc priest

Illustrated notes

Levels and vault maps discovered:
D:1:      tarquinn_simple_flora_water_a, layout_basic
D:2:      layout_rooms, basic_altar
D:3:      cheibrodos_pilgrimage, layout_basic, minmay_misc_feat_room,
          chequers_serial_rivers_micro_e

Skill      XL: |  1  2  3  4 |
---------------+-------------+-----
Long Blades    | 4 |  4.7
Dodging        | 5 |  5.1
Fighting       | |  2.8
Throwing       | |  2.1
Armour         | |  0.8
Stealth        | |  0.8
Shields        | |  0.1

Action                     |  1- 3 |  4- 6 || total
---------------------------+-------+-------++-------
  Melee: Long sword        |   134 |    55 ||   189
         Punch             |     2 |       ||     2
    Use: Scroll            |     2 |       ||     2
   Stab: Sleeping          |     2 |     1 ||     3
 Armour: Leather armour    |    61 |    26 ||    87
  Dodge: Dodged            |   101 |    42 ||   143
  Block: Other             |    15 |    21 ||    36
         Reflection        |       |     1 ||     1

Table legend: (Time is in decaauts)
 A = Elapsed time spent in this place.
 B = Non-inter-level travel time spent in this place.
 C = Inter-level travel time spent in this place.
 D = Time resting spent in this place.
 E = Time spent auto-exploring this place.
 F = Levels seen in this place.
 G = Mean time per level.
                   A        B        C        D        E       F      G
               +--------+--------+--------+--------+--------+-----+--------+
         Total |   1991 |   1945 |     46 |      0 |   1490 |   3 |  663.7 |
       Dungeon |   1991 |   1945 |     46 |      0 |   1490 |   3 |  663.7 |
               +--------+--------+--------+--------+--------+-----+--------+

Top non-repeatable levels by time:
     D:1: 940 daAuts
     D:2: 596 daAuts
     D:3: 454 daAuts
